TOP OF THE 1ST |
Lexington Legends batting - Pitching for Augusta GreenJackets : RHP Mark Pellicano
|
Pitching: RHP Mark Pellicano
|
|
Batting: SHB Rafael Avila
|
0-0: Foul Ball, location: 2F 0-1: Swinging Strike 0-2: Ball 1-2: Ground out 6-3 (Groundball, 6, EV 83.8 MPH)
|
Batting: RHB Kyle Yerger
|
0-0: Ball 1-0: Ball 2-0: Called Strike 2-1: Foul Ball, location: 2F 2-2: Ball 3-2: Ground out 4-3 (Groundball, 4, EV 84.4 MPH)
|
Batting: RHB Alex Dorsey
|
0-0: Ball 1-0: Called Strike 1-1: Ball 2-1: Called Strike 2-2: Ground out 4-3 (Groundball, 4, EV 87.5 MPH)
|
Top of the 1st over - 0 runs, 0 hits, 0 errors, 0 left on base; Lexington 0 - Augusta 0 |
BOTTOM OF THE 1ST |
Augusta GreenJackets batting - Pitching for Lexington Legends : LHP Hector Botello
|
Pitching: LHP Hector Botello
|
|
Batting: SHB John Barlow
|
0-0: Ball 1-0: Ball 2-0: Swinging Strike 2-1: DOUBLE (Line Drive, 7LS, EV 106.3 MPH)
|
Batting: RHB Cody Hindmon
|
0-0: Foul Ball, location: 9LSF 0-1: Ball 1-1: Ball Wild Pitch! John Barlow to third 2-1: Ball 3-1: Foul Ball, location: 23FF 3-2: Base on Balls
|
Batting: RHB Trent Clow
|
0-0: Foul Ball, location: 2F 0-1: Ball 1-1: Foul Ball, location: 23F 1-2: Foul Ball, location: 23FF 1-2: Ball Wild Pitch! John Barlow scores Cody Hindmon to second 2-2: Ground out 5-3 (Groundball, 5S, EV 85.0 MPH)
|
Batting: LHB Felix Cancino
|
0-0: Called Strike 0-1: SINGLE (Line Drive, 6MD, EV 108.8 MPH) Cody Hindmon to third
|
Batting: RHB Roberto Gutierrez
|
0-0: Called Strike 0-1: Ball 1-1: Called Strike 1-2: Grounds into double play, 6-4-3 (Groundball, 6, EV 102.5 MPH)
|
Bottom of the 1st over - 1 run, 2 hits, 0 errors, 1 left on base; Lexington 0 - Augusta 1 |
TOP OF THE 2ND |
Lexington Legends batting - Pitching for Augusta GreenJackets : RHP Mark Pellicano
|
Batting: SHB Tony Cuevas
|
0-0: Swinging Strike 0-1: Ball 1-1: Foul Ball, location: 7LSF 1-2: Strikes out swinging
|
Batting: RHB Luis de Leon
|
0-0: Ball 1-0: Swinging Strike 1-1: Called Strike 1-2: Ground out 1-3 (Groundball, 13S, EV 66.9 MPH)
|
Batting: RHB Shane Watrous
|
0-0: SINGLE (Line Drive, 5D, EV 95.0 MPH)
|
Batting: RHB Will Gilmore
|
0-0: Ball 1-0: Ball 2-0: Called Strike 2-1: Swinging Strike 2-2: Strikes out looking
|
Top of the 2nd over - 0 runs, 1 hit, 0 errors, 1 left on base; Lexington 0 - Augusta 1 |
BOTTOM OF THE 2ND |
Augusta GreenJackets batting - Pitching for Lexington Legends : LHP Hector Botello
|
Batting: LHB Gerardo Herrera
|
0-0: Ball 1-0: Ball 2-0: Foul Ball, location: 7LDF 2-1: Swinging Strike 2-2: Ground out 6-3 (Groundball, 6, EV 80.0 MPH)
|
Batting: RHB Dave Ortiz
|
0-0: Ball 1-0: Ground out 6-3 (Groundball, 6S, EV 88.8 MPH)
|
Batting: RHB Steve Brown
|
0-0: Foul Ball, location: 7LMF 0-1: Ball 1-1: Ball 2-1: Foul Ball, location: 25FF 2-2: Foul Ball, location: 2F 2-2: Foul Ball, location: 3F 2-2: Ball 3-2: Fly out, F7 (Flyball, 7LMF, EV 98.1 MPH)
|
Bottom of the 2nd over - 0 runs, 0 hits, 0 errors, 0 left on base; Lexington 0 - Augusta 1 |
TOP OF THE 3RD |
Lexington Legends batting - Pitching for Augusta GreenJackets : RHP Mark Pellicano
|
Batting: LHB Jake Howard
|
0-0: SINGLE (Groundball, 34D, EV 96.3 MPH)
|
Batting: LHB Bob Hair
|
0-0: SINGLE (Groundball, 4D, EV 96.9 MPH) Jake Howard to second Runner from 2nd tries for 3rd, SAFE, throw by CF made to third Bob Hair to second
|
Batting: SHB Rafael Avila
|
0-0: Ground out 4-3 (Groundball, 4, EV 85.0 MPH) Jake Howard scores Bob Hair to third
|
Batting: RHB Kyle Yerger
|
0-0: Called Strike 0-1: SINGLE (Groundball, 3D, EV 98.1 MPH) Bob Hair scores
|
Batting: RHB Alex Dorsey
|
0-0: Ball 1-0: Foul Ball, location: 5SF 1-1: Called Strike 1-2: Strikes out swinging Kyle Yerger steals 2nd base Batter strikes out.
|
Batting: SHB Tony Cuevas
|
0-0: Ball 1-0: Ball 2-0: Called Strike 2-1: Called Strike 2-2: Fly out, F6 (Line Drive, 56D, EV 62.5 MPH)
|
Top of the 3rd over - 2 runs, 3 hits, 0 errors, 1 left on base; Lexington 2 - Augusta 1 |
BOTTOM OF THE 3RD |
Augusta GreenJackets batting - Pitching for Lexington Legends : LHP Hector Botello
|
Batting: RHB Mike Mathews
|
0-0: Called Strike 0-1: Foul Ball, location: 2F 0-2: Ball 1-2: Ball 2-2: Ball 3-2: Ground out 5-3 (Groundball, 56S, EV 84.4 MPH)
|
Batting: SHB John Barlow
|
0-0: Swinging Strike 0-1: Ground out 6-3 (Groundball, 6, EV 108.1 MPH)
|
Batting: RHB Cody Hindmon
|
0-0: Foul Ball, location: 2F 0-1: Ball 1-1: Swinging Strike 1-2: Foul Ball, location: 2F 1-2: Foul Ball, location: 9LSF 1-2: Ball 2-2: Ball 3-2: Fly out, F6 (Line Drive, 6, EV 68.1 MPH)
|
Bottom of the 3rd over - 0 runs, 0 hits, 0 errors, 0 left on base; Lexington 2 - Augusta 1 |
TOP OF THE 4TH |
Lexington Legends batting - Pitching for Augusta GreenJackets : RHP Mark Pellicano
|
Batting: RHB Luis de Leon
|
0-0: Ground out 6-3 (Groundball, 6M, EV 86.9 MPH)
|
Batting: RHB Shane Watrous
|
0-0: Ball 1-0: Ball 2-0: Ball 3-0: Called Strike 3-1: Base on Balls
|
Batting: RHB Will Gilmore
|
0-0: Called Strike 0-1: Foul Ball, location: 2LF 0-2: Foul Ball, location: 23F 0-2: Ball 1-2: Strikes out looking
|
Batting: LHB Jake Howard
|
0-0: Ball 1-0: Foul Ball, location: 3FF 1-1: Foul Ball, location: 7LDF 1-2: Foul Ball, location: 2F 1-2: Ball 2-2: Ball 3-2: Ground out 6-3 (Groundball, 6M, EV 98.8 MPH)
|
Top of the 4th over - 0 runs, 0 hits, 0 errors, 1 left on base; Lexington 2 - Augusta 1 |
BOTTOM OF THE 4TH |
Augusta GreenJackets batting - Pitching for Lexington Legends : LHP Hector Botello
|
Batting: RHB Trent Clow
|
0-0: Swinging Strike 0-1: Ball 1-1: Hit by Pitch
|
Batting: LHB Felix Cancino
|
0-0: Ball 1-0: Ball Wild Pitch! Trent Clow to second 2-0: Foul Ball, location: 5SF 2-1: Fly out, F5 (Popup, 5S, EV 92.5 MPH)
|
Batting: RHB Roberto Gutierrez
|
0-0: Hit by Pitch
|
Batting: LHB Gerardo Herrera
|
0-0: Ball 1-0: Called Strike 1-1: SINGLE (Line Drive, 6MD, EV 102.5 MPH) Trent Clow to third Roberto Gutierrez to second
|
Batting: RHB Dave Ortiz
|
0-0: Called Strike 0-1: Ball 1-1: Called Strike 1-2: Strikes out looking
|
Batting: RHB Steve Brown
|
0-0: Ball 1-0: Foul Ball, location: 9LSF 1-1: Ball 2-1: Called Strike 2-2: Ground out U3 (Groundball, 3, EV 82.5 MPH)
|
Bottom of the 4th over - 0 runs, 1 hit, 0 errors, 3 left on base; Lexington 2 - Augusta 1 |
TOP OF THE 5TH |
Lexington Legends batting - Pitching for Augusta GreenJackets : RHP Mark Pellicano
|
Batting: LHB Bob Hair
|
0-0: SINGLE (Line Drive, 4MD, EV 103.1 MPH)
|
Batting: SHB Rafael Avila
|
0-0: Fielders Choice at 2nd, 4-6 (Groundball, 34, EV 101.9 MPH)
|
Batting: RHB Kyle Yerger
|
0-0: Called Strike 0-1: Swinging Strike 0-2: Ball 1-2: SINGLE (Groundball, 6MD, EV 105.0 MPH) Rafael Avila to second
|
Batting: RHB Alex Dorsey
|
0-0: Ball 1-0: Foul Ball, location: 9LMF 1-1: Foul Ball, location: 2F 1-2: Foul Ball, location: 3F 1-2: Foul Ball, location: 2F 1-2: Strikes out swinging
|
Batting: SHB Tony Cuevas
|
0-0: Swinging Strike 0-1: Foul Ball, location: 2LF 0-2: Ball 1-2: Strikes out swinging
|
Top of the 5th over - 0 runs, 2 hits, 0 errors, 2 left on base; Lexington 2 - Augusta 1 |
BOTTOM OF THE 5TH |
Augusta GreenJackets batting - Pitching for Lexington Legends : LHP Hector Botello
|
Batting: RHB Mike Mathews
|
0-0: Ground out 6-3 (Groundball, 6S, EV 93.1 MPH)
|
Batting: SHB John Barlow
|
0-0: Ball 1-0: SINGLE (Line Drive, 9S, EV 90.0 MPH)
|
Batting: RHB Cody Hindmon
|
0-0: Ball 1-0: Ball 2-0: Fielders Choice at 2nd, 6-4 (Groundball, 6M, EV 88.1 MPH)
|
Batting: RHB Trent Clow
|
0-0: Foul Ball, location: 3SF 0-1: Ball 1-1: Ball 2-1: DOUBLE (Line Drive, 78M, EV 108.8 MPH) Cody Hindmon to third
|
Batting: LHB Felix Cancino
|
0-0: Called Strike 0-1: Ball 1-1: Fly out, F9 (Flyball, 89XD, EV 88.8 MPH)
|
Bottom of the 5th over - 0 runs, 2 hits, 0 errors, 2 left on base; Lexington 2 - Augusta 1 |
TOP OF THE 6TH |
Lexington Legends batting - Pitching for Augusta GreenJackets : RHP Mark Pellicano
|
Batting: RHB Luis de Leon
|
0-0: Ball 1-0: Ball 2-0: Ball 3-0: Called Strike 3-1: Fly out, F7 (Line Drive, 7, EV 87.5 MPH)
|
Batting: RHB Shane Watrous
|
0-0: Ball 1-0: Ball 2-0: Called Strike 2-1: Foul Ball, location: 5FF 2-2: Ball 3-2: Foul Ball, location: 7LSF 3-2: Foul Ball, location: 2F 3-2: Strikes out swinging
|
Pitching: RHP Bryan Schmidt
|
|
Batting: RHB Will Gilmore
|
0-0: Called Strike 0-1: Called Strike 0-2: Strikes out swinging
|
Top of the 6th over - 0 runs, 0 hits, 0 errors, 0 left on base; Lexington 2 - Augusta 1 |
BOTTOM OF THE 6TH |
Augusta GreenJackets batting - Pitching for Lexington Legends : LHP Hector Botello
|
Batting: RHB Roberto Gutierrez
|
0-0: Ball 1-0: Fly out, F2 (Popup, 2RF, EV 90.6 MPH)
|
Batting: LHB Gerardo Herrera
|
0-0: Ball 1-0: Ball 2-0: Called Strike 2-1: Ball 3-1: Base on Balls
|
Pitching: LHP Garrett Youngblood
|
|
Batting: RHB Dave Ortiz
|
0-0: Ball 1-0: Swinging Strike 1-1: Foul Ball, location: 9LMF 1-2: Ball 2-2: Ball 3-2: Foul Ball, location: 25FF 3-2: Base on Balls Gerardo Herrera to second
|
Batting: RHB Steve Brown
|
0-0: Ball 1-0: Ball 2-0: Fielders Choice at 2nd, 1-6 (Groundball, 34S, EV 71.3 MPH) Gerardo Herrera to third
|
Batting: RHB Mike Mathews
|
0-0: Ball 1-0: Ball 2-0: Foul Ball, location: 2F 2-1: Foul Ball, location: 2F 2-2: Fly out, F9 (Flyball, 9D, EV 82.5 MPH)
|
Bottom of the 6th over - 0 runs, 0 hits, 0 errors, 2 left on base; Lexington 2 - Augusta 1 |
TOP OF THE 7TH |
Lexington Legends batting - Pitching for Augusta GreenJackets : RHP Bryan Schmidt
|
Batting: LHB Jake Howard
|
0-0: Ground out 4-3 (Groundball, 4M, EV 98.1 MPH)
|
Batting: LHB Bob Hair
|
0-0: Ball 1-0: Ball 2-0: Foul Ball, location: 25F 2-1: Fly out, F5 (Popup, 5, EV 71.3 MPH)
|
Batting: SHB Rafael Avila
|
0-0: Called Strike 0-1: Ball 1-1: Ball 2-1: Ball 3-1: Ground out 4-3 (Groundball, 4, EV 105.6 MPH)
|
Top of the 7th over - 0 runs, 0 hits, 0 errors, 0 left on base; Lexington 2 - Augusta 1 |
BOTTOM OF THE 7TH |
Augusta GreenJackets batting - Pitching for Lexington Legends : LHP Garrett Youngblood
|
Batting: SHB John Barlow
|
0-0: Ball 1-0: SINGLE (Line Drive, 7LS, EV 93.1 MPH)
|
Batting: RHB Cody Hindmon
|
0-0: Called Strike 0-1: Swinging Strike 0-2: Strikes out swinging
|
Batting: RHB Trent Clow
|
0-0: Called Strike 0-1: Ball 1-1: Ball 2-1: Fielders Choice at 2nd, 1-6 (Groundball, 13S, EV 66.9 MPH)
|
Batting: LHB Felix Cancino
|
0-0: Ball 1-0: Ball 2-0: Called Strike 2-1: Swinging Strike 2-2: Ball 3-2: Base on Balls Trent Clow to second
|
Batting: RHB Roberto Gutierrez
|
0-0: Called Strike 0-1: Foul Ball, location: 7LMF 0-2: Hit by Pitch Trent Clow to third Felix Cancino to second
|
Batting: LHB Gerardo Herrera
|
0-0: Ball 1-0: Swinging Strike 1-1: Swinging Strike 1-2: SINGLE (Line Drive, 4D, EV 95.6 MPH) Trent Clow scores Felix Cancino to third Roberto Gutierrez to second Runner from 3rd tries for Home, SAFE, throw by CF to home
|
Batting: RHB Dave Ortiz
|
0-0: Ball 1-0: Ball 2-0: Foul Ball, location: 9LSF 2-1: Ground out U3 (Groundball, 3L, EV 100.0 MPH)
|
Bottom of the 7th over - 2 runs, 2 hits, 0 errors, 2 left on base; Lexington 2 - Augusta 3 |
TOP OF THE 8TH |
Lexington Legends batting - Pitching for Augusta GreenJackets : RHP Bryan Schmidt
|
Pitching: RHP Ivan Sandoval
|
|
Batting: RHB Kyle Yerger
|
0-0: Ball 1-0: Ball 2-0: Ball 3-0: Called Strike 3-1: SINGLE (Line Drive, 6MD, EV 105.0 MPH)
|
Pinch Hitting: SHB Josh McElwain
|
0-0: Foul Ball, location: 2F 0-1: Ball 1-1: Foul Ball, location: 7LSF 1-2: Foul Ball, location: 2F 1-2: Ball 2-2: Grounds into double play, 6-4-3 (Groundball, 6, EV 105.6 MPH)
|
Batting: SHB Tony Cuevas
|
0-0: Ball 1-0: Called Strike 1-1: Ball 2-1: Ground out 4-3 (Groundball, 4S, EV 91.3 MPH)
|
Top of the 8th over - 0 runs, 1 hit, 0 errors, 0 left on base; Lexington 2 - Augusta 3 |
BOTTOM OF THE 8TH |
Augusta GreenJackets batting - Pitching for Lexington Legends : LHP Garrett Youngblood
|
Now at C: Josh McElwain
|
|
Batting: RHB Steve Brown
|
0-0: Ball 1-0: Called Strike 1-1: SINGLE (Line Drive, 56D, EV 102.5 MPH)
|
Batting: RHB Mike Mathews
|
0-0: Swinging Strike 0-1: Swinging Strike 0-2: Ball 1-2: Ball 2-2: SINGLE (Groundball, 34D, EV 106.9 MPH) Steve Brown to second
|
Batting: SHB John Barlow
|
0-0: Ball 1-0: SINGLE (Groundball, 4M, EV 103.1 MPH) (infield hit) Steve Brown to third Mike Mathews to second
|
Pitching: RHP Sheldon Jefferson
|
|
Batting: RHB Cody Hindmon
|
0-0: Ball 1-0: Foul Ball, location: 25F 1-1: Foul Ball, location: 9LSF 1-2: Foul Ball, location: 2F 1-2: Ball 2-2: Ball 3-2: Strikes out swinging
|
Batting: RHB Trent Clow
|
0-0: Foul Ball, location: 9LDF 0-1: Foul Ball, location: 9LSF 0-2: Hit by Pitch Steve Brown scores Mike Mathews to third John Barlow to second
|
Batting: LHB Felix Cancino
|
0-0: Fly out, F8 (Line Drive, 8LS, EV 105.0 MPH)
|
Batting: RHB Roberto Gutierrez
|
0-0: SINGLE (Flyball, 7S, EV 93.8 MPH) Mike Mathews scores John Barlow to third Trent Clow to second
|
Batting: LHB Gerardo Herrera
|
0-0: Called Strike 0-1: Called Strike 0-2: Ball 1-2: Ball 2-2: Strikes out swinging
|
Bottom of the 8th over - 2 runs, 4 hits, 0 errors, 3 left on base; Lexington 2 - Augusta 5 |
TOP OF THE 9TH |
Lexington Legends batting - Pitching for Augusta GreenJackets : RHP Ivan Sandoval
|
Batting: RHB Luis de Leon
|
0-0: Foul Ball, location: 3F 0-1: Called Strike 0-2: Foul Ball, location: 2F 0-2: Ball 1-2: Strikes out swinging
|
Batting: RHB Shane Watrous
|
SINGLE, rundown, out at 1st!
|
Batting: RHB Will Gilmore
|
0-0: Ball 1-0: Ball 2-0: Called Strike 2-1: Called Strike 2-2: Strikes out swinging
|
Top of the 9th over - 0 runs, 1 hit, 0 errors, 0 left on base; Lexington 2 - Augusta 5 |
|